[Event "Team 45 45 League T29"]
[Site "Internet Chess Club"]
[Date "2006.01.29"]
[Round "6"]
[White "JohnnySP"]
[Black "rss"]
[Result "1/2-1/2"]
[WhiteElo "1845"]
[BlackElo "1854"]
[TimeControl "2700+45"]

1. e4 c5 2. Nf3 d6 3. d4 cxd4 4. Nxd4 Nf6 5. Nc3 g6 6. Be2 Bg7 7. Be3 O-O 8. Qd2
Nc6 9. f3 Bd7 10. O-O-O Nxd4 11. Bxd4 Qa5 12. Kb1 Rfe8 13. Bc4 Rac8 14. Bb3 Nh5
15. Bxg7 Nxg7 16. h4 Be6 17. Nd5 Qxd2 18. Rxd2 b6 19. Ba4 Bxd5 20. Bxe8 Bxa2+
21. Kxa2 Nxe8 22. Kb3 Rc5 23. Ra1 a5 24. Rd5 Rc6 25. h5 Nf6 26. Rd4 Nxh5 27. Rc4
Rxc4 28. Kxc4 Nf4 29. g4 Ne6 30. c3 Nc7 31. b4 b5+ 32. Kd3 axb4 33. cxb4 h5 34.
gxh5 gxh5 35. Rh1 Ne6 36. Ke3 Ng7 37. Rg1 Kh7 38. Kd4 e6 39. Rg5 f5 40. e5 dxe5+
41. Kxe5 Kh6 42. Rg2 h4 43. Rg1 Nh5 44. Kxe6 Ng3 45. Kd5 Kg5 46. Ke5 f4 47. Rg2
h3 48. Rh2 Kh4 49. Kxf4 Nh5+ 50. Ke3 Kg3 51. Rh1 Kg2 52. Rd1 Ng3 53. Rd2+ Kg1
54. Kf4 Nf1 55. Rd5 h2 56. Rg5+ Kf2 57. Rh5 Kg1 58. Ke5 h1=Q 59. Rxh1+ Kxh1 60.
f4 Ne3 61. f5 Kg2 62. f6 Ng4+ 63. Ke6 Nh6 64. Kd5 Kf3 65. Kc5 Kf4 66. Kxb5 Kf5
67. Kc6 Kxf6 68. b5 Nf7 69. b6 Ke7 70. Kc7 Nd8 71. Kc8 Ke8 {Game drawn by mutual
agreement} 1/2-1/2  aics%  Kafarov(71): no creo... pq seguro ya nadie va a
tramitar su visa aics%

[Event "Team 45 45 League T29"]
[Site "Internet Chess Club"]
[Date "2006.01.29"]
[Round "6"]
[White "pokerram"]
[Black "Ferreruela"]
[Result "0-1"]
[WhiteElo "1648"]
[BlackElo "1747"]
[TimeControl "2700+45"]

1. d4 d5 2. c4 e5 3. cxd5 Qxd5 4. Nc3 Qxd4 5. Qc2 Nc6 6. a3 Nf6 7. e3 Qd8 8. e4
Nd4 9. Qd1 Be6 10. Bg5 Bb3 11. Bxf6 gxf6 12. Qd3 Nc2+ 13. Ke2 Qxd3+ 14. Kxd3
Nxa1 15. g3 O-O-O+ 16. Ke3 Bc5+ 17. Kf3 Nc2 18. Bh3+ Kb8 19. Nge2 Nd4+ 20. Nxd4
Bxd4 21. Ne2 Be6 22. Bg2 f5 23. exf5 {White resigns} 0-1  aics%

[Event "Team 45 45 League T29"]
[Site "Internet Chess Club"]
[Date "2006.01.28"]
[Round "6"]
[White "fledermaus"]
[Black "Polyglot"]
[Result "1-0"]
[WhiteElo "2027"]
[BlackElo "1756"]
[TimeControl "2700+45"]

1. d4 d5 2. c4 e6 3. Nc3 Nf6 4. cxd5 exd5 5. Bg5 Be7 6. e3 O-O 7. Qc2 c6 8. Bd3
g6 9. Nge2 Nbd7 10. O-O Re8 11. f3 Nf8 12. Kh1 Ne6 13. Bh4 c5 14. dxc5 Nxc5 15.
Bb5 Rf8 16. Rad1 a6 17. Bc4 b5 18. Bxf6 Bxf6 19. Bxd5 {Black resigns} 1-0  aics%

[Event "Team 45 45 League T29"]
[Site "Internet Chess Club"]
[Date "2006.01.31"]
[Round "6"]
[White "garethn"]
[Black "Winclick"]
[Result "0-1"]
[WhiteElo "1769"]
[BlackElo "1774"]
[TimeControl "2700+45"]

1. e4 c5 2. Nf3 g6 3. c3 Bg7 4. d4 cxd4 5. cxd4 d5 6. e5 Bg4 7. h3 Bxf3 8. Qxf3
e6 9. Bb5+ Nc6 10. Bxc6+ bxc6 11. b4 Qb6 12. Qc3 Ne7 13. Nd2 Nf5 14. Nb3 O-O 15.
Nc5 Rfc8 16. Bd2 Qd8 17. O-O h5 18. Rac1 Rab8 19. Nb3 Qh4 20. Qd3 Rb5 21. Qxb5
cxb5 22. Rxc8+ Bf8 23. Be3 g5 24. a3 g4 25. hxg4 hxg4 26. Bf4 Kg7 27. g3 Qh3 28.
Rc7 Kg6 29. Rc3 Nh4 30. gxh4 Qxc3 31. Nc1 Qxd4 32. Ne2 Qd3 33. Ng3 Qxa3 34. Rb1
Bxb4 {White resigns} 0-1  aics%

[Event "Team 45 45 League T29"]
[Site "Internet Chess Club"]
[Date "2006.01.29"]
[Round "6"]
[White "Sean"]
[Black "TheBrewer"]
[Result "1/2-1/2"]
[WhiteElo "1688"]
[BlackElo "1560"]
[TimeControl "2700+45"]

1. Nf3 e6 2. c4 d5 3. d4 dxc4 4. Qa4+ c6 5. Qxc4 Nf6 6. Nc3 b5 7. Qd3 Ba6 8. Qc2
Nbd7 9. Bg5 Be7 10. e3 Rc8 11. Bd3 h6 12. Bh4 O-O 13. O-O Bb7 14. a3 a6 15. Rac1
c5 16. dxc5 Bxf3 17. gxf3 Nxc5 18. Be2 Nh5 19. Rfd1 Qe8 20. Bg3 Nxg3 21. fxg3
Bg5 22. f4 Be7 23. Bf3 Na4 24. Qg2 Nxc3 25. Rxc3 Rxc3 26. bxc3 Bxa3 27. Qa2 Bc5
28. Kf2 Qc8 29. Ra1 Qd7 30. Rd1 Qc8 31. Rd3 Rd8 32. Qd2 Rxd3 33. Qxd3 Qc7 34.
Be4 Kf8 35. Bf3 Qd6 36. Qxd6+ Bxd6 37. Bb7 a5 38. Bc6 b4 39. cxb4 axb4 40. Ba4
e5 41. Kf3 exf4 42. exf4 f6 43. Ke4 Bc5 44. Kd5 Bg1 45. h3 Bh2 46. g4 Bxf4 47.
Bb3 Ke7 48. Ke4 Bd2 49. Kf5 Kf8 50. Ke6 Bc3 51. Bc2 Be5 52. Bb3 g6 53. Bc2 Kg7
54. Bb3 Bc3 55. Bc2 h5 56. gxh5 gxh5 57. Kf5 Kh6 58. Bb3 h4 59. Kg4 Be1 60. Bc2
Kg7 61. Kf5 Kf7 62. Bb3+ Ke7 63. Kg6 Bd2 64. Kf5 Bg5 65. Ke4 Kd6 66. Bc4 Kc5 67.
Bb3 Kb5 68. Kd3 f5 69. Ke2 Kc5 70. Kd3 f4 71. Ke4 f3 72. Kxf3 Kd4 73. Ke2 Kc3
74. Be6 b3 75. Bf5 Kb2 76. Kd1 Ka1 77. Ke2 b2 78. Kf3 b1=Q 79. Bxb1 Kxb1 80. Kg4
Bd8 81. Kf3 Kc2 82. Ke2 Bg5 83. Kf3 Kd3 84. Kg4 Bd8 85. Kf3 Be7 86. Kf2 Ke4 87.
Kg2 Kf4 88. Kf2 Bc5+ 89. Kg2 Be3 90. Kh2 Kf3 91. Kh1 Kg3 {White stalemated}
1/2-1/2  aics%

[Event "Team 45 45 League T29"]
[Site "Internet Chess Club"]
[Date "2006.02.03"]
[Round "6"]
[White "wojozim"]
[Black "GoIrish"]
[Result "0-1"]
[WhiteElo "1678"]
[BlackElo "1628"]
[TimeControl "2700+45"]

1. e4 d6 2. f4 Nf6 3. Nc3 g6 4. Nf3 Bg7 5. Bc4 O-O 6. d3 Nc6 7. a3 e5 8. fxe5
dxe5 9. Bg5 h6 10. Be3 Bg4 11. Qd2 Qe7 12. Bxh6 Bxf3 13. gxf3 Nd4 14. O-O-O Nxf3
15. Qe3 Nd4 16. Bxg7 Kxg7 17. Rdg1 c6 18. Rxg6+ fxg6 19. Rg1 Nh5 20. Qh3 Nf4 21.
Qg4 Rh8 22. Rh1 Rh4 23. Qd1 Rah8 24. Qd2 Qg5 25. Kb1 Qg2 26. Qxg2 Nxg2 27. Rg1
Rxh2 28. Ka2 Ne3 29. Rg5 R8h5 30. Rg3 Nxc4 31. dxc4 Rxc2 32. Na4 Rxc4 33. Nc3
Rh2 34. Rg5 Rxc3 35. Rxe5 Kf6 36. Re8 Nb5 {White resigns} 0-1  aics%

[Event "Team 45 45 League T29"]
[Site "Internet Chess Club"]
[Date "2006.01.28"]
[Round "6"]
[White "chessterbaggins"]
[Black "Justme"]
[Result "1-0"]
[WhiteElo "1298"]
[BlackElo "1321"]
[TimeControl "2700+45"]

1. e4 e5 2. Nf3 Nc6 3. d4 exd4 4. Nxd4 Qf6 5. Be3 Bc5 6. c3 a6 7. Be2 Qg6 8. Bf3
Nf6 9. Nd2 Ne5 10. b4 Ba7 11. c4 d6 12. Qe2 Bg4 13. O-O Nxf3+ 14. N2xf3 Qxe4 15.
Qc2 Bxf3 16. gxf3 Qxf3 17. Nxf3 Ng4 18. Qe4+ Kd8 19. Qxb7 Kd7 20. Nd4 Bxd4 21.
Bxd4 Rhb8 22. Qf3 Ne5 23. Bxe5 dxe5 24. Rad1+ Kc8 25. c5 f6 26. c6 Rxb4 27. Qf5+
Kb8 28. Rd8+ Ka7 29. Rxa8+ Kxa8 30. Qc8+ Ka7 31. Qxc7+ {Black resigns} 1-0 
aics%

[Event "Team 45 45 League T29"]
[Site "Internet Chess Club"]
[Date "2006.01.28"]
[Round "6"]
[White "Gomer"]
[Black "Conjurer"]
[Result "0-1"]
[WhiteElo "1305"]
[BlackElo "1387"]
[TimeControl "2700+45"]

1. e4 c5 2. d4 cxd4 3. c3 dxc3 4. Nxc3 a6 5. Nf3 d6 6. Bc4 e6 7. O-O b5 8. Bb3
b4 9. Ne2 Nf6 10. Bg5 Be7 11. Qd4 a5 12. Rac1 O-O 13. Nd2 Ba6 14. Rfe1 Bb7 15.
f3 Nc6 16. Qf2 a4 17. Bc2 Qa5 18. Qg3 Qc5+ 19. Kh1 Nd4 20. Bxa4 Qe5 21. f4 Nxe4
22. Nxe4 Qxe4 23. Bh6 Nf5 24. Qh3 Nxh6 25. Bc2 Qd5 26. Red1 Qxa2 27. Qd3 Nf5 28.
Kg1 g6 29. b3 Qa7+ 30. Kh1 Ne3 31. Re1 Nxg2 {White resigns} 0-1  aics%

[Event "Team 45 45 League T29"]
[Site "Internet Chess Club"]
[Date "2006.01.28"]
[Round "6"]
[White "guyd52"]
[Black "Prop"]
[Result "1-0"]
[WhiteElo "1254"]
[BlackElo "1212"]
[TimeControl "2700+45"]

1. g3 e5 2. d3 d5 3. Bg2 Nf6 4. Nd2 Nc6 5. e4 d4 6. Ngf3 Be7 7. O-O O-O 8. b3
Bg4 9. Bb2 Bb4 10. a3 Be7 11. Qc1 Qd7 12. Nc4 Bxf3 13. Bxf3 b5 14. Nd2 a5 15.
Bg2 Rfd8 16. Nf3 h6 17. Rd1 Qe6 18. h4 b4 19. a4 Rac8 20. Nh2 Ng4 21. Bh3 h5 22.
f3 Qg6 23. fxg4 Na7 24. Kg2 c5 25. gxh5 Qxh5 26. Bxc8 Nxc8 27. Rf1 Nd6 28. Qd1
Qh6 29. Qg4 Qd2+ 30. Rf2 Qe3 31. Bc1 Qe1 32. Bb2 Qe3 33. Nf1 Qh6 34. Bc1 g5 35.
Bxg5 Bxg5 36. Qxg5+ Qxg5 37. hxg5 Kg7 38. Kh3 Rh8+ 39. Kg4 Rf8 40. Nd2 Ne8 41.
Nc4 f5+ 42. exf5 Rh8 43. Nxa5 Nd6 44. Nc6 Re8 45. a5 e4 46. f6+ Kg6 47. Ne7+ Kf7
48. dxe4 Nxe4 49. Rf5 Ke6 50. f7 Rf8 51. Ng6 Rxf7 52. Rxf7 Kxf7 53. Rf1+ Kxg6
54. a6 Nd2 55. Rf6+ Kg7 56. a7 d3 57. cxd3 Nxb3 58. a8=Q Nd2 59. Qf8+ Kh7 60.
g6# {Black checkmated} 1-0  aics%

[Event "Team 45 45 League T29"]
[Site "Internet Chess Club"]
[Date "2006.01.25"]
[Round "6"]
[White "JustinZ"]
[Black "WzeroMN"]
[Result "0-1"]
[WhiteElo "1189"]
[BlackElo "1186"]
[TimeControl "2700+45"]

1. e4 e5 2. Nf3 Nc6 3. Bb5 a6 4. Bxc6 bxc6 5. Nxe5 d5 6. exd5 Qe7 7. O-O cxd5 8.
Nc3 Nf6 9. d4 g6 10. Re1 Be6 11. Na4 Nd7 12. Nxd7 Qxd7 13. Nc5 Bxc5 14. dxc5 c6
15. Qd4 O-O-O 16. Bg5 Rde8 17. b4 Bf5 18. c4 Rxe1+ 19. Rxe1 Re8 20. Re3 Rxe3 21.
fxe3 dxc4 22. Qxc4 Qd1+ 23. Kf2 Qd2+ 24. Kg1 Qe1+ 25. Qf1 Qxf1+ 26. Kxf1 Kd7 27.
Ke2 Ke6 28. Kf3 Kd5 29. a4 Kc4 30. e4 Be6 31. b5 cxb5 32. axb5 axb5 33. c6 b4
34. c7 Kb3 35. Be7 Kc3 36. Bxb4+ Kxb4 37. Kf4 Kc5 38. Ke5 Kc6 39. c8=Q+ Bxc8 40.
Kf6 Be6 41. Kg7 Kc5 42. Kxh7 Kd4 43. h3 Kxe4 44. g4 Kf4 45. Kh6 Kg3 46. g5 Kxh3
47. Kg7 Kg4 48. Kf6 Kh5 49. Ke5 Kxg5 50. Ke4 Kh4 51. Kf4 g5+ 52. Kf3 Kh3 53. Kf2
Kh2 54. Kf3 g4+ 55. Kf2 g3+ 56. Kf1 Kh1 57. Ke2 g2 58. Kf2 g1=Q+ 59. Kf3 Qe1 60.
Kf4 Qa5 61. Kf3 Qd5+ 62. Kf4 Qf5+ 63. Ke3 Qg4 64. Kd3 Kg2 65. Ke3 Bc4 66. Kd2
Qe2+ 67. Kc3 Qd3+ 68. Kb4 Kf3 69. Kc5 Ke4 70. Kb4 Kd5 71. Ka5 Kc5 72. Ka4 Qb3+
73. Ka5 Qa3# {White checkmated} 0-1  aics%

[Event "Team 45 45 League T29"]
[Site "Internet Chess Club"]
[Date "2006.01.30"]
[Round "6"]
[White "mrmarck"]
[Black "Fogbound"]
[Result "1-0"]
[WhiteElo "1500"]
[BlackElo "1289"]
[TimeControl "2700+45"]

1. d4 g6 2. c4 Bg7 3. Nf3 d6 4. e3 a6 5. Nc3 b6 6. Qb3 Nd7 7. g3 Bb7 8. Bg2 h6
9. O-O Ngf6 10. Re1 Ne4 11. Nh4 Ndf6 12. d5 Nc5 13. Qc2 Ng4 14. Nxg6 Rh7 15.
Nxe7 Nf6 16. Nf5 Bf8 17. b4 Ncd7 18. Bb2 Ne5 19. Ne4 Bc8 20. Nxf6+ Qxf6 21.
Nxd6+ Qxd6 22. Qxh7 Qf6 23. Bxe5 Qxe5 24. Qe4 Bd6 25. Qxe5+ Bxe5 26. Rab1 Rb8
27. f4 Bc3 28. Red1 Bg4 29. Rd3 Bf6 30. h3 Be2 31. Rd2 Bxc4 32. Rc1 b5 33. d6
cxd6 34. Rxd6 Be7 35. Rxh6 Bxb4 36. Rxa6 Rd8 37. Ra8 Bd2 38. Rxd8+ Kxd8 39. Rd1
Kc7 40. Rxd2 Kb6 41. Bd5 Kc5 42. Bxc4 bxc4 43. h4 c3 44. Rc2 Kc4 45. h5 Kd3 46.
Rxc3+ Kxc3 47. Kf2 Kd3 48. h6 Ke4 49. h7 {Black resigns} 1-0  aics%

[Event "Team 45 45 League T29"]
[Site "Internet Chess Club"]
[Date "2006.01.28"]
[Round "6"]
[White "klt713"]
[Black "mwm913"]
[Result "0-1"]
[WhiteElo "1279"]
[BlackElo "1327"]
[TimeControl "2700+45"]

1. d4 d5 2. c4 dxc4 3. Nc3 Nf6 4. Nf3 e6 5. Bg5 Be7 6. Bxf6 Bxf6 7. e3 O-O 8.
Bxc4 Nc6 9. Ne2 Qd6 10. O-O Bd7 11. Rc1 Rad8 12. Nc3 a6 13. Ne4 Qe7 14. a3 b5
15. Bb3 Na5 16. Rxc7 Nxb3 17. Qxb3 Qe8 18. Nd6 Qe7 19. Qb4 e5 20. dxe5 Bxe5 21.
Nxe5 Qxe5 22. Rd1 Be6 23. Rc6 Qf6 24. Rxa6 Qg6 25. Rd2 Qb1+ 26. Rd1 Qxd1+ 27.
Qe1 Qxe1# {White checkmated} 0-1

[Event "Team 45 45 League T29"]
[Site "Internet Chess Club"]
[Date "2006.01.29"]
[Round "6"]
[White "NineMilly"]
[Black "ffplayer"]
[Result "1-0"]
[WhiteElo "1194"]
[BlackElo "1118"]
[TimeControl "2700+45"]

1. e4 c5 2. c4 d6 3. h3 Nf6 4. Nc3 e6 5. Nf3 Nc6 6. d4 Nxd4 7. Nxd4 cxd4 8. Qxd4
e5 9. Qd1 Be7 10. Qa4+ Bd7 11. Qb3 O-O 12. Qxb7 Be6 13. Nd5 Bxd5 14. cxd5 Nxe4
15. Bd3 Nc5 16. Qb5 Nxd3+ 17. Qxd3 Qa5+ 18. Bd2 Qb6 19. Rb1 a6 20. O-O Qb5 21.
Qe4 a5 22. Rfd1 a4 23. Bf4 Rfe8 24. Bg3 Qa6 25. Qg4 Rac8 26. Bh4 Bxh4 27. Qxh4
Rc5 28. Rbc1 Rxc1 29. Rxc1 Qd3 30. Qxa4 Rf8 31. Qc6 Qg6 32. Qc8 h6 33. Qd7 Qf6
34. b4 Rd8 35. Qc7 Kf8 36. b5 Qe7 37. b6 Qxc7 38. bxc7 Rc8 39. Rc6 Ke8 40. a4
Kd7 41. a5 Rxc7 42. a6 Kc8 43. a7 Kb7 44. Rxc7+ Kxc7 45. a8=Q {Black resigns}
1-0  aics%

[Event "Team 45 45 League T29"]
[Site "Internet Chess Club"]
[Date "2006.01.26"]
[Round "6"]
[White "DayDream01"]
[Black "PocketChange"]
[Result "0-1"]
[WhiteElo "1181"]
[BlackElo "1318"]
[TimeControl "2700+45"]

1. d4 d5 2. c4 e6 3. Nc3 Nf6 4. e3 c6 5. Nge2 Nbd7 6. Nf4 Be7 7. Bd3 c5 8. cxd5
exd5 9. Nfxd5 Nxd5 10. Nxd5 cxd4 11. Qg4 Bf6 12. exd4 Nb6 13. Qe2+ Be6 14. Nxf6+
Qxf6 15. Bb5+ Ke7 16. Qe4 Rhd8 17. Qxb7+ Kf8 18. Be3 Bd5 19. Qc7 Bxg2 20. Rg1
Bf3 21. Bg5 Qxd4 22. Rd1 Qxd1# {White checkmated} 0-1  aics%

[Event "Team 45 45 League T29"]
[Site "Internet Chess Club"]
[Date "2006.01.30"]
[Round "6"]
[White "Irvin"]
[Black "Budzo"]
[Result "1-0"]
[WhiteElo "1898"]
[BlackElo "1756"]
[TimeControl "2700+45"]

1. e4 e6 2. d4 d5 3. Nd2 c5 4. exd5 Qxd5 5. Nb3 c4 6. Nd2 b5 7. Ngf3 Nd7 8. c3
Ngf6 9. b3 cxb3 10. axb3 Bb7 11. c4 bxc4 12. bxc4 Qc6 13. Bd3 Bd6 14. Ba3 Bxa3
15. Rxa3 O-O 16. Qa4 Qxa4 17. Rxa4 Rfb8 18. O-O Bc6 19. Ra5 Bxf3 20. Nxf3 Rb3
21. Rd1 Rab8 22. Kf1 R8b7 23. c5 Nb8 24. Ne5 Nd5 25. Bc4 R3b4 26. Rda1 f6 27.
Bxd5 exd5 28. Nf3 Nc6 29. R5a4 Rxa4 30. Rxa4 Rb4 31. Rxb4 Nxb4 32. Ke2 Nc6 33.
Kd3 Kf7 34. Nd2 Ke6 35. Nf1 g5 36. g4 f5 37. h3 f4 38. Nd2 Kd7 39. Nb1 Nb4+ 40.
Kc3 Na2+ 41. Kb2 Nb4 42. Kc3 Na2+ 43. Kd2 Nb4 44. Nc3 Ke6 45. Nb5 a5 46. f3 Kd7
47. Kc3 Na2+ 48. Kb3 Nc1+ 49. Ka4 Nd3 50. Kxa5 Ne1 51. Kb6 Nxf3 52. c6+ Kd8 53.
c7+ {Black resigns} 1-0  aics%

[Event "Team 45 45 League T29"]
[Site "Internet Chess Club"]
[Date "2006.01.30"]
[Round "6"]
[White "pokerram"]
[Black "wojozim"]
[Result "0-1"]
[WhiteElo "1634"]
[BlackElo "1704"]
[TimeControl "2700+45"]

1. d4 f5 2. Bf4 Nf6 3. Nc3 g6 4. Qd2 d6 5. f3 Nc6 6. e4 e5 7. dxe5 dxe5 8. Qxd8+
Kxd8 9. O-O-O+ Ke7 10. Bg5 Be6 11. Nd5+ Bxd5 12. exd5 Nd8 13. Bc4 Nf7 14. Bxf6+
Kxf6 15. Bb3 Rd8 16. c4 Bc5 17. Ne2 Nd6 18. Nc3 a6 19. a4 Rb8 20. Rhf1 b5 21.
axb5 axb5 22. cxb5 Nxb5 23. Nxb5 Rxb5 24. Bc4 Rb4 25. b3 Ra8 26. g4 Ra2 27. gxf5
gxf5 28. Rh1 Rb8 29. Kb1 Rba8 30. b4 Ra1+ 31. Kb2 Rxd1 32. Rxd1 Bxb4 33. Kb3 Bc5
34. Bb5 Ra3+ 35. Kc4 Bd6 36. Rf1 Ra2 {White resigns} 0-1  aics%

[Event "Team 45 45 League T29"]
[Site "Internet Chess Club"]
[Date "2006.01.29"]
[Round "6"]
[White "Smart"]
[Black "SpeedBlade"]
[Result "1-0"]
[WhiteElo "1602"]
[BlackElo "1410"]
[TimeControl "2700+45"]

1. Nf3 d5 2. g3 Bg4 3. Bg2 c6 4. d3 Nf6 5. O-O e6 6. Nbd2 Be7 7. e4 O-O 8. Re1
a5 9. h3 Bxf3 10. Qxf3 a4 11. a3 b5 12. e5 Nfd7 13. d4 c5 14. c3 Nc6 15. Qg4 Re8
16. Nf3 Bf8 17. h4 g6 18. h5 Bg7 19. Bf4 cxd4 20. cxd4 b4 21. hxg6 hxg6 22. Qh3
bxa3 23. bxa3 Rb8 24. Bh6 Rb2 25. Bf1 Qb6 26. Bxg7 Kxg7 27. Ng5 Nf8 28. Rad1
Nxd4 29. Kg2 Rc8 30. Bd3 Nf5 31. Be2 Rcc2 32. Rh1 Rxe2 33. Qh8# {Black
checkmated} 1-0  aics%

[Event "Team 45 45 League T29"]
[Site "Internet Chess Club"]
[Date "2006.01.28"]
[Round "6"]
[White "kingofthespill"]
[Black "Creecher"]
[Result "1-0"]
[WhiteElo "1509"]
[BlackElo "1471"]
[TimeControl "2700+45"]

1. d4 Nf6 2. c4 e6 3. Nf3 d5 4. a3 Be7 5. g3 O-O 6. Bg2 dxc4 7. Qa4 Nc6 8. Qxc4
Bd7 9. O-O a6 10. Ne5 Nxe5 11. dxe5 Nd5 12. Bxd5 Bb5 13. Qc2 exd5 14. Nc3 Bc6
15. Rd1 Rc8 16. e4 b5 17. exd5 Bb7 18. b4 Qd7 19. Qe4 Rfd8 20. e6 fxe6 21. Qxe6+
Qxe6 22. dxe6 Rxd1+ 23. Nxd1 Bd5 24. Bb2 Bxe6 25. f4 Rd8 26. Nf2 Rd2 27. Bc3 Rc2
28. Bd4 c5 29. bxc5 Bxc5 30. Bxc5 Rxc5 31. Nd3 Rc3 32. Ne5 Kf8 33. Kf1 Bh3+ 34.
Kg1 Rc2 35. Nf3 Bc8 36. Nd4 Rc4 37. Rd1 Bb7 38. Ne6+ Kf7 39. Nd8+ Ke7 40. Nxb7
Ra4 41. Rd3 Rc4 42. h4 Rc7 43. Nd6 g6 44. Ne4 h6 45. Nc3 h5 46. Nd5+ {Black
resigns} 1-0  aics%

[Event "Team 45 45 League T29"]
[Site "Internet Chess Club"]
[Date "2006.01.26"]
[Round "6"]
[White "nursey"]
[Black "Ghostblaster"]
[Result "0-1"]
[WhiteElo "1576"]
[BlackElo "1635"]
[TimeControl "2700+45"]

1. e4 c5 2. Nf3 d6 3. d4 cxd4 4. Nxd4 Nf6 5. Nc3 a6 6. Bg5 e6 7. Bc4 Be7 8. f4
b5 9. Bb3 b4 10. Ba4+ Bd7 11. Bxd7+ Qxd7 12. Bxf6 bxc3 13. Bxg7 Rg8 14. Qg4 cxb2
15. Rb1 Bf6 16. Nxe6 fxe6 17. Qh5+ Qf7 18. Qxf7+ Kxf7 19. Bxf6 Kxf6 20. g3 Nc6
21. Rxb2 Rab8 22. Rxb8 Rxb8 23. Kd2 Rb2 24. a3 Ra2 25. Rb1 Rxa3 26. Rb6 Na5 27.
Rb4 d5 28. exd5 exd5 29. Ke2 Nc4 30. Rb3 Kf5 31. Rxa3 Nxa3 32. Kd3 d4 33. h3 h5
34. c4 dxc3 35. Kxc3 Nb5+ 36. Kc4 Nd6+ 37. Kb4 Ke4 38. Ka5 Nf5 39. g4 h4 40.
gxf5 Kxf5 41. Kxa6 Kxf4 {White resigns} 0-1  aics%

[Event "Team 45 45 League T29"]
[Site "Internet Chess Club"]
[Date "2006.01.27"]
[Round "6"]
[White "BenjaminSisko"]
[Black "mal57"]
[Result "0-1"]
[WhiteElo "1513"]
[BlackElo "1488"]
[TimeControl "2700+45"]

1. e4 c6 2. d3 d5 3. Nd2 Nd7 4. Ngf3 e6 5. g3 Qc7 6. Bg2 Ne7 7. O-O Ng6 8. Re1
Nge5 9. exd5 cxd5 10. Nxe5 Nxe5 11. Nf3 Nxf3+ 12. Bxf3 Rb8 13. Bxd5 b6 14. Qf3
Bb7 15. Bxb7 Rxb7 16. c3 Rb8 17. Bf4 Bd6 18. Bxd6 Qxd6 19. Qe4 O-O 20. d4 Rbe8
21. h4 f5 22. Qe5 Qe7 23. h5 Rf6 24. Re3 Rh6 25. Rae1 Rxh5 26. g4 Rg5 27. Kf1
Rxg4 28. Qxf5 Qh4 29. Rxe6 Rf8 30. Qc2 Rgf4 31. Re8 Qh3+ 32. Kg1 Rg4# {White
checkmated} 0-1  aics%

[Event "Team 45 45 League T29"]
[Site "Internet Chess Club"]
[Date "2006.01.29"]
[Round "6"]
[White "kutch"]
[Black "mrmarck"]
[Result "1-0"]
[WhiteElo "1564"]
[BlackElo "1492"]
[TimeControl "2700+45"]

1. e4 e5 2. Nf3 Nc6 3. Bc4 d6 4. c3 Nf6 5. Qe2 Bg4 6. O-O Be7 7. h3 Bh5 8. Rd1
O-O 9. d4 exd4 10. cxd4 d5 11. exd5 Nxd5 12. Nc3 Nf6 13. Bf4 a6 14. a4 Re8 15.
Be5 Bd6 16. g4 Bg6 17. Nh4 Nxe5 18. dxe5 Rxe5 19. Qf3 Be4 20. Nxe4 Rxe4 21. b3
Qe8 22. Nf5 Bb4 23. g5 Re1+ 24. Rxe1 Bxe1 25. gxf6 Qe5 26. fxg7 Bxf2+ 27. Qxf2
Qxa1+ 28. Kg2 Qf6 29. Qf3 Rd8 30. h4 Rd2+ 31. Kg3 Qe5+ 32. Kg4 Rd4+ 33. Nxd4
Qxd4+ 34. Qf4 Qxg7+ 35. Qg5 Qxg5+ 36. Kxg5 Kg7 37. a5 b6 38. axb6 cxb6 39. Bxa6
f6+ 40. Kf5 Kf7 41. b4 h6 42. h5 Ke7 43. Kg6 f5 44. Kxh6 Kf7 45. Kg5 Kg7 46.
Kxf5 Kh6 47. Be2 {Black resigns} 1-0  aics%

[Event "Team 45 45 League T29"]
[Site "Internet Chess Club"]
[Date "2006.01.29"]
[Round "6"]
[White "Borovnia"]
[Black "BosqueVerde"]
[Result "1-0"]
[WhiteElo "1463"]
[BlackElo "1229"]
[TimeControl "2700+45"]

1. d4 d5 2. Nf3 Nf6 3. g3 Bg4 4. Bg2 e6 5. O-O c5 6. b3 Nc6 7. Bb2 Qb6 8. Ne5
Nxd4 9. Nxg4 Nxg4 10. e3 Nc6 11. Qxg4 h5 12. Qd1 O-O-O 13. Qe2 Bd6 14. Bxg7 Rhg8
15. Bf6 Rdf8 16. Qxh5 Nb4 17. Qd1 Rg6 18. Bc3 Nc6 19. Nd2 Ne7 20. Nf3 f6 21. a4
d4 22. exd4 cxd4 23. Bxd4 Bc5 24. Bxc5 Qxc5 25. Qd4 Qh5 26. Qxa7 Rh8 27. Nh4 Rg4
28. Qxb7+ Kd8 29. Bf3 f5 30. Bxg4 fxg4 31. Rad1+ Ke8 32. Qb5+ Kf7 33. Qxh5+ Rxh5
34. Rd4 {Black resigns} 1-0  aics%

[Event "Team 45 45 League T29"]
[Site "Internet Chess Club"]
[Date "2006.01.27"]
[Round "6"]
[White "Zornorph"]
[Black "chsrules88"]
[Result "0-1"]
[WhiteElo "1953"]
[BlackElo "1887"]
[TimeControl "2700+45"]

1. d4 e5 2. dxe5 Nc6 3. Nf3 Qe7 4. g3 Nxe5 5. Bg2 Nf6 6. O-O g6 7. c3 Bg7 8. Bf4
d6 9. Qc1 O-O 10. Bh6 c6 11. Bxg7 Kxg7 12. Re1 Re8 13. Na3 Bg4 14. Nxe5 Qxe5 15.
f3 Bd7 16. e4 d5 17. exd5 Qxd5 18. Rd1 Qc5+ 19. Rd4 Rad8 20. b4 Qe5 21. Nc4 Qc7
22. Nd6 Re6 23. Qf4 Qb6 24. Nc4 Qa6 25. Bf1 b5 26. Ne5 Qb6 27. Kh1 Be8 28. Rad1
Rxd4 29. Rxd4 Nd5 30. Qd2 Rxe5 {White resigns} 0-1

[Event "Team 45 45 League T29"]
[Site "Internet Chess Club"]
[Date "2006.01.25"]
[Round "6"]
[White "tgralex"]
[Black "ActionMan"]
[Result "0-1"]
[WhiteElo "1732"]
[BlackElo "1612"]
[TimeControl "2700+45"]

1. e4 e5 2. f4 exf4 3. Nf3 d5 4. exd5 Nf6 5. Bb5+ Bd7 6. Bc4 c6 7. dxc6 Nxc6 8.
O-O Be7 9. d4 O-O 10. Bxf4 Bg4 11. c3 Qb6 12. Qc2 Rfe8 13. Ng5 Bh5 14. Nd2 Bg6
15. Bd3 Rac8 16. Be3 Nb4 17. Qd1 Nxd3 18. Qf3 Qxb2 19. Rab1 Qxc3 20. Rxb7 Qc6
21. Rxa7 Qxf3 22. Ngxf3 Ng4 23. Bg5 Bxg5 24. Nxg5 f6 25. Ngf3 Re2 26. Nc4 Rxc4
27. Ra8+ Kf7 28. Ng5+ Ke7 29. Ra7+ Kd6 30. Nh3 Ne3 31. Ra6+ Kd5 32. Ra5+ Kxd4
33. Rb1 Rxg2+ 34. Kh1 Nf2+ 35. Nxf2 Bxb1 36. Rb5 Rc1+ {White resigns} 0-1  aics%

[Event "Team 45 45 League T29"]
[Site "Internet Chess Club"]
[Date "2006.01.29"]
[Round "6"]
[White "nursey"]
[Black "Two-DogMan"]
[Result "1-0"]
[WhiteElo "1618"]
[BlackElo "1448"]
[TimeControl "2700+45"]

1. e4 e5 2. Nf3 d6 3. d4 exd4 4. Nxd4 Be7 5. Nc3 Nf6 6. Bc4 O-O 7. O-O Bg4 8. f3
Bd7 9. Be3 c6 10. Re1 Kh8 11. a3 Qc8 12. Bg5 Be6 13. Bxf6 Bxf6 14. Nxe6 fxe6 15.
Qxd6 Re8 16. Rad1 Be7 17. Qe5 Nd7 18. Qh5 e5 19. Kh1 Nf6 20. Qf5 Qxf5 21. exf5
Red8 22. Rxe5 Rxd1+ 23. Nxd1 Rd8 24. Ne3 Bd6 25. Re6 Bf4 26. g3 Bxe3 27. Rxe3
Rd1+ 28. Kg2 Rd2+ 29. Re2 Rxe2+ 30. Bxe2 Nd5 31. Kf2 a6 32. Bc4 Nb6 33. Be6 Na4
34. b3 Nc3 35. g4 b6 36. f4 c5 37. Ke3 a5 38. Kd3 Nd1 39. g5 Nf2+ 40. Kc4 Nh3
41. f6 gxf6 42. Bxh3 fxg5 43. fxg5 Kg7 44. Kb5 Kg6 45. Kxb6 Kxg5 46. Bg2 Kf4 47.
a4 Ke3 48. Kxa5 Kd4 49. Kb6 c4 50. a5 Kc3 51. bxc4 Kxc4 {Black resigns} 1-0 
aics%

[Event "Team 45 45 League T29"]
[Site "Internet Chess Club"]
[Date "2006.01.28"]
[Round "6"]
[White "MiroslavR"]
[Black "A-Ru"]
[Result "1-0"]
[WhiteElo "1988"]
[BlackElo "1980"]
[TimeControl "2700+45"]

1. e4 e6 2. d4 d5 3. Nc3 Nf6 4. e5 Nfd7 5. f4 c5 6. Nf3 Nc6 7. Be3 Qb6 8. Na4
Qa5+ 9. c3 c4 10. b4 cxb3 11. axb3 Qc7 12. b4 b6 13. Bd3 f5 14. exf6 Nxf6 15.
Ne5 Bd6 16. O-O O-O 17. Qf3 Ne7 18. Qh3 Bd7 19. Bd2 g6 20. Rfe1 Nf5 21. g4 Ng7
22. Qg3 a5 23. b5 Rab8 24. Rab1 Qd8 25. Rf1 Qe8 26. Qg2 Bc7 27. c4 dxc4 28. Bxc4
Bc8 29. Bc1 Bb7 30. Qe2 Nd5 31. Bxd5 Bxd5 32. Ba3 Bxe5 33. fxe5 Rxf1+ 34. Rxf1
Qd7 35. Nxb6 Qb7 36. Nxd5 Qxd5 37. Qf2 Qd8 38. Qf7+ Kh8 39. Qf8+ Qxf8 40. Rxf8+
Rxf8 41. Bxf8 Ne8 42. b6 a4 {Black resigns} 1-0  aics%

[Event "Team 45 45 League T29"]
[Site "Internet Chess Club"]
[Date "2006.01.27"]
[Round "6"]
[White "clarnibass"]
[Black "Kingofknights"]
[Result "1-0"]
[WhiteElo "1763"]
[BlackElo "1687"]
[TimeControl "2700+45"]

1. e4 c6 2. d4 d5 3. Nc3 dxe4 4. Nxe4 Nd7 5. Bc4 Ngf6 6. Ng5 e6 7. Qe2 Nb6 8.
Bb3 h6 9. N5f3 Bd6 10. Ne5 O-O 11. Ngf3 a5 12. a4 Qe7 13. O-O Nfd7 14. c3 Nxe5
15. dxe5 Bc7 16. Bc2 f5 17. exf6 Qxf6 18. Be3 Nd5 19. Bd4 Nf4 20. Qc4 Qf7 21.
Rfe1 Nxg2 22. Qd3 Qh5 23. Qh7+ Kf7 24. Qxg7+ Ke8 25. Bg6+ Kd8 26. Qxf8+ Kd7 27.
Bxh5 Nxe1 28. Be8+ Kd8 29. Bf6# {Black checkmated} 1-0  aics%